Map: Tropic Shores

Players

Dudemann

  • Race: Zerg Zerg
  • Spawn Location: 0:00

DeadlyHunter

  • Race: Terran Terran
  • Spawn Location: 12:00

cxh

  • Race: Terran Terran
  • Spawn Location: 12:00

MrGrec

  • Race: Protoss Protoss
  • League: Silver
  • Spawn Location: 11:00

Infamous

  • Race: Protoss Protoss
  • League: Silver
  • Spawn Location: 5:00

Ironsage

  • Race: Terran Terran
  • Spawn Location: 5:00

eduardo

  • Race: Protoss Protoss
  • Spawn Location: 6:00

deathcool

  • Race: Terran Terran
  • Spawn Location: 6:00

VOD

Have the link to the VOD?

Description

Time

  • Played on: April 4, 2018, 11:02 a.m.
  • Length: 18:29
Show
View Real Time Build Order
Export as new Build Order

Dudemann Zerg 

Build Orders: Pool First 

Get SALT Encoding   

  12  0:14  Drone  
  13  0:17  Overlord  
  13  0:22  Overlord  
  13  0:51  Overlord  
  13  0:52  Overlord  
  13  0:53  Overlord  
  13  1:10  Extractor  
  12  1:20  Evolution Chamber  
  11  1:42  Drone x2  
  11  1:43  Drone  
  14  2:19  Spawning Pool  
  13  2:28  Drone x3  
  16  2:50  Zerg Melee Weapons Level 1  
  16  2:55  Drone x2  
  18  3:01  Extractor  
  17  3:30  Zergling x6  
  20  3:45  Lair  
  20  3:50  Metabolic Boost  
  21  4:02  Zergling x2  
  21  4:03  Zergling x2  
  22  4:11  Overlord  
  22  4:43  Zergling x6  
  25  5:23  Hatchery  
  25  5:24  Queen  
  26  6:00  Pneumatized Carapace  
  26  6:03  Infestation Pit  
  25  6:18  Overseer  
  25  6:43  Burrow  
  25  6:51  Overlord x3  
  25  7:03  Pathogen Glands  
  25  7:21  Overseer  
  25  7:36  Swarm Host  
  28  7:41  Infestor  
  28  7:43  Infestor  
  32  7:59  Neural Parasite  
  32  8:33  Hive  
  32  8:53  Lair  
  33  8:55  Drone x2  
  33  8:56  Drone  
  35  9:34  Drone x3  
  38  9:50  Queen  
  40  9:55  Zerg Melee Weapons Level 2  
  40  10:04  Infestor  
  40  10:05  Infestor  
  40  10:18  Viper  
  43  10:24  Zergling x4  
  45  10:36  Drone x3  
  48  11:09  Viper  
  51  11:12  Zergling x4  
  53  11:21  Extractor  
  52  11:52  Nydus Network  
  51  11:58  Drone x2  
  51  11:59  Drone  
  54  12:27  Viper  
  57  12:46  Ultralisk Cavern  
  57  12:49  Overlord x2  
  57  12:50  Overlord  
  56  13:20  Drone x3  
  56  13:21  Drone  
  60  13:33  Hydralisk Den  
  59  13:42  Extractor  
  59  13:44  Hive  
  58  13:54  Ultralisk  
  64  14:23  Spire  
  42  15:31  Spine Crawler  
  39  16:08  Chitinous Plating  
  39  16:15  Ultralisk, Nydus Network  
  44  16:32  Mutalisk  
  46  16:52  Ultralisk  
  52  17:16  Hydralisk  
  52  17:17  Hydralisk  
  21  17:52  Corruptor  
Show
View Real Time Build Order
Export as new Build Order

DeadlyHunter Terran 

Build Orders:  

Get SALT Encoding   

  12  0:41  Engineering Bay  
  12  0:42  Supply Depot  
  12  0:48  Refinery x2  
  12  0:50  SCV  
  13  1:02  SCV  
  14  1:14  SCV  
  14  1:17  Barracks  
  15  1:30  Missile Turret  
  15  2:14  Barracks Reactor  
  15  2:23  Factory  
  15  2:27  Factory  
  15  2:51  Missile Turret  
  15  2:58  Missile Turret  
  15  3:20  Marine x2  
  17  3:38  Marine x2  
  19  3:41  SCV  
  20  3:54  SCV  
  21  3:56  Marine x2  
  23  4:19  Supply Depot  
  23  4:21  Supply Depot  
  23  4:29  Supply Depot  
  23  4:36  Factory Tech Lab  
  23  4:40  Marine x2, SCV, Factory Tech Lab  
  26  5:45  Armory  
  26  5:47  Armory  
  26  6:35  Armory  
  26  6:43  Thor x2  
  35  9:11  Thor x2  
  47  9:18  Terran Vehicle Weapons Level 1  
  47  9:19  Terran Vehicle And Ship Armor Level 1  
  47  9:20  Terran Ship Weapons Level 1  
  46  10:18  Supply Depot  
  46  10:20  Supply Depot  
  46  10:22  Supply Depot  
  46  10:24  Supply Depot  
  46  10:39  Orbital Command  
  46  10:40  Siege Tank x2  
  52  11:12  Thor x2  
  52  11:16  Marine x2  
  66  11:34  Marine x2  
  68  11:52  Marine x2  
  70  11:56  Siege Tank  
  70  11:57  Siege Tank  
  76  12:08  Supply Depot  
  76  12:09  Supply Depot  
  76  12:10  Marine x2  
  76  12:13  Supply Depot  
  78  12:18  Supply Depot  
  78  13:18  Terran Vehicle And Ship Armor Level 2  
  78  13:19  Terran Vehicle Weapons Level 2  
  78  13:36  Command Center  
  76  15:31  Thor x2  
  87  16:47  Starport  
  87  16:58  Sensor Tower  
  87  17:04  SCV  
  88  17:16  SCV  
  89  17:28  SCV  
  90  17:40  SCV  
  91  17:53  SCV  
Show
View Real Time Build Order
Export as new Build Order

cxh Terran 

Build Orders:  

Get SALT Encoding   

  12  0:11  SCV  
  13  0:31  Supply Depot  
  13  0:38  SCV  
  14  0:50  SCV  
  14  0:57  Barracks  
  15  1:02  SCV  
  16  1:07  Refinery  
  16  1:15  SCV  
  17  1:27  SCV  
  18  1:39  SCV  
  19  1:45  Barracks  
  19  1:47  Supply Depot  
  19  1:51  SCV  
  19  1:52  Refinery  
  19  1:53  Marine  
  21  2:06  Bunker  
  21  2:07  SCV  
  22  2:11  Marine  
  23  2:16  Engineering Bay  
  23  2:29  Marine  
  24  2:41  Marine  
  25  2:45  Bunker  
  25  2:47  Marine  
  26  2:52  Missile Turret  
  26  3:02  Supply Depot  
  26  3:27  Command Center  
  26  3:35  Missile Turret  
  26  3:40  Marine x2  
  28  3:52  Sensor Tower  
  28  4:08  SCV  
  28  4:09  Factory  
  29  4:20  SCV  
  30  4:24  Bunker  
  30  4:36  Factory  
  30  4:45  Planetary Fortress  
  30  4:52  Marine x2  
  31  4:56  Factory Tech Lab  
  32  5:17  Missile Turret  
  32  5:20  Siege Tank  
  32  5:21  Factory Tech Lab  
  35  5:28  Orbital Command  
  35  5:37  Bunker  
  35  5:53  Refinery, Widow Mine  
  37  5:59  SCV x2  
  39  6:05  Missile Turret  
  39  6:09  Building Armor  
  39  6:19  SCV x2  
  39  6:22  Reaper  
  42  6:29  Missile Turret  
  42  6:40  SCV x2  
  44  6:49  Sensor Tower  
  44  6:52  SCV x2  
  46  6:55  Refinery  
  46  7:06  SCV  
  47  7:18  SCV  
  47  7:19  Missile Turret  
  47  7:22  Missile Turret  
  48  7:23  SCV  
  49  7:31  SCV  
  49  7:34  Widow Mine  
  52  7:37  Starport  
  52  7:40  Starport  
  52  7:49  Widow Mine  
  53  8:02  SCV  
  54  8:07  Supply Depot  
  54  8:11  Supply Depot x3  
  54  8:15  Liberator  
  54  8:29  Siege Tank, SCV x2, Widow Mine  
  54  8:34  Supply Depot  
  64  8:38  Liberator  
  64  8:39  Supply Depot  
  64  8:41  SCV  
  65  8:57  Siege Tank  
  65  9:00  Marine x2  
  65  9:01  Siege Tank  
  76  9:11  Liberator  
  76  9:21  Liberator  
  82  9:46  Missile Turret  
  82  9:54  Liberator  
  82  10:04  Liberator  
  85  10:15  Starport  
  85  10:27  Missile Turret  
  88  10:37  Liberator  
  88  10:39  Supply Depot  
  88  10:46  Liberator  
  88  10:47  Liberator  
  91  11:02  Supply Depot  
  97  11:20  Liberator  
  97  11:29  Liberator x2  
  100  11:45  Supply Depot  
  106  11:47  Supply Depot  
  106  11:59  SCV x2  
  108  12:03  Liberator  
  108  12:08  Supply Depot  
  108  12:11  Supply Depot, SCV x2  
  108  12:12  Liberator x2  
  113  12:23  SCV x2  
  117  12:41  Sensor Tower  
  117  12:45  Liberator  
  117  12:55  Liberator  
  117  13:01  Sensor Tower  
  120  13:07  SCV  
  120  13:08  SCV  
  128  13:18  Medivac  
  128  13:20  SCV x2  
  129  13:32  SCV x2  
  131  13:39  Armory  
  113  14:12  Liberator x3  
  122  14:50  Missile Turret  
  122  14:54  Liberator  
  122  14:55  Liberator x2  
  131  15:36  Supply Depot  
  131  15:37  Liberator x2  
  131  15:38  Supply Depot, Liberator  
  140  16:20  Liberator x3  
  137  16:33  Command Center  
  146  16:42  Fusion Core  
  146  16:46  Sensor Tower  
  146  17:03  Liberator x2  
  146  17:06  Liberator  
  114  18:18  Starport Tech Lab  
Show
View Real Time Build Order
Export as new Build Order

MrGrec Protoss 

Build Orders:  

Get SALT Encoding   

  12  0:02  Probe  
  14  0:14  Probe  
  14  0:20  Pylon  
  14  0:26  Probe  
  15  0:38  Probe (Chrono Boost)  
  17  0:50  Probe (Chrono Boost)  
  17  1:06  Probe (Chrono Boost)  
  17  1:07  Nexus  
  19  1:18  Probe (Chrono Boost)  
  19  1:21  Gateway  
  19  1:28  Pylon  
  19  1:32  Probe  
  20  1:46  Assimilator  
  20  1:52  Gateway  
  20  1:57  Pylon  
  20  1:58  Probe  
  21  2:10  Probe  
  21  2:13  Cybernetics Core  
  21  2:14  Zealot  
  24  2:21  Assimilator  
  24  2:22  Probe (Chrono Boost)  
  25  2:34  Probe (Chrono Boost)  
  26  2:39  Probe (Chrono Boost)  
  26  2:41  Probe (Chrono Boost), Zealot  
  30  2:44  Zealot  
  33  2:52  Probe (Chrono Boost)  
  33  2:59  Probe (Chrono Boost)  
  33  3:01  Probe (Chrono Boost)  
  35  3:11  Probe (Chrono Boost)  
  37  3:14  Probe (Chrono Boost), Stalker  
  37  3:17  Stalker  
  42  3:20  Probe (Chrono Boost)  
  42  3:23  Probe (Chrono Boost)  
  42  3:26  Probe  
  43  3:27  Twilight Council  
  43  3:33  Pylon  
  44  3:38  Probe  
  45  3:49  Stargate  
  45  3:58  Probe (Chrono Boost)  
  46  4:03  Stalker x2, Assimilator  
  46  4:08  Probe (Chrono Boost)  
  51  4:13  Probe (Chrono Boost)  
  51  4:14  Assimilator  
  52  4:17  Pylon  
  52  4:19  Pylon  
  52  4:23  Pylon  
  52  4:24  Probe (Chrono Boost)  
  53  4:32  Charge (Chrono Boost)  
  53  4:33  Stalker  
  53  4:36  Probe (Chrono Boost)  
  56  4:41  Probe (Chrono Boost)  
  57  4:50  Probe  
  58  4:53  Probe  
  58  4:54  Void Ray  
  58  4:58  Stalker  
  65  5:03  Probe  
  65  5:05  Probe  
  67  5:07  Zealot  
  69  5:15  Probe, Stargate  
  69  5:17  Probe  
  69  5:20  Pylon  
  71  5:22  Pylon  
  71  5:25  Stargate  
  73  5:28  Zealot  
  73  5:37  Zealot  
  73  5:40  Nexus  
  75  5:46  Phoenix  
  77  5:54  Assimilator  
  77  5:55  Zealot  
  79  6:07  Probe  
  80  6:13  Void Ray x2  
  80  6:14  Void Ray  
  80  6:17  Zealot  
  94  6:37  Assimilator  
  94  6:42  Pylon  
  94  6:44  Pylon  
  94  6:55  Stargate  
  94  6:56  Protoss Air Weapons Level 1  
  94  6:58  Stargate  
  94  7:02  Void Ray  
  94  7:03  Cybernetics Core  
  98  7:13  Probe (Chrono Boost)  
  100  7:25  Probe x2 (Chrono Boost)  
  100  7:28  Probe (Chrono Boost)  
  100  7:29  Probe (Chrono Boost)  
  102  7:31  Probe  
  102  7:33  Void Ray  
  102  7:35  Void Ray  
  112  7:37  Probe  
  112  7:40  Probe  
  112  7:41  Protoss Air Armor Level 1  
  112  7:44  Probe  
  115  7:49  Probe  
  116  7:52  Probe, Robotics Facility  
  116  7:56  Probe  
  116  7:57  Robotics Facility  
  118  8:00  Pylon  
  118  8:02  Probe, Pylon  
  119  8:08  Probe  
  120  8:14  Probe  
  120  8:18  Phoenix  
  123  8:22  Phoenix  
  123  8:23  Phoenix x2  
  123  8:24  Phoenix  
  131  8:32  Fleet Beacon  
  131  8:59  Pylon  
  131  9:02  Pylon  
  131  9:07  Pylon  
  131  9:12  Nexus  
  131  9:19  Assimilator  
  131  9:23  Assimilator  
  131  9:27  Void Ray x2  
  131  9:28  Void Ray x3  
  131  9:31  Observer x2  
  153  9:41  Protoss Air Weapons Level 2 (Chrono Boost)  
  154  9:52  Observer  
  154  10:10  Void Ray  
  154  10:13  Void Ray  
  154  10:14  Void Ray  
  147  10:53  Void Ray  
  146  11:11  Probe  
  146  11:23  Probe  
  147  11:27  Void Ray  
  147  11:28  Void Ray x3  
  163  11:33  Protoss Air Armor Level 2  
  163  11:35  Probe  
  163  11:36  Void Ray  
  168  11:47  Probe  
  168  11:52  Robotics Bay  
  169  11:56  Pylon  
  169  11:59  Pylon, Probe  
  170  12:03  Pylon  
  170  12:15  Void Ray x4  
  182  12:19  Mothership  
  192  12:57  Void Ray  
  196  13:01  Stargate  
  196  13:02  Stargate  
  196  13:04  Stargate  
  196  13:07  Stargate  
  196  13:30  Void Ray  
  175  14:27  Void Ray x3  
  175  14:28  Void Ray  
  191  14:33  Gravitic Drive  
  191  14:34  Void Ray  
  191  14:35  Void Ray  
  189  15:10  Void Ray  
  191  15:26  Void Ray x2  
  199  15:30  Observer Gravitic Boosters  
Show
View Real Time Build Order
Export as new Build Order

Infamous Protoss 

Build Orders:  

Get SALT Encoding   

  12  0:04  Probe  
  13  0:19  Probe  
  13  0:20  Pylon  
  14  0:32  Probe  
  15  0:38  Gateway  
  15  0:44  Probe  
  16  0:59  Probe  
  17  1:11  Assimilator  
  17  1:18  Probe (Chrono Boost)  
  18  1:19  Pylon  
  18  1:26  Cybernetics Core  
  18  1:28  Probe (Chrono Boost)  
  19  1:33  Probe (Chrono Boost)  
  20  1:45  Assimilator  
  20  2:02  Gateway, Warp Gate (Chrono Boost)  
  20  2:03  Gateway  
  20  2:06  Probe  
  20  2:19  Stalker  
  22  2:31  Forge  
  22  2:33  Probe  
  22  2:34  Pylon  
  23  2:57  Stalker x2 (Chrono Boost)  
  27  2:59  Probe  
  28  3:11  Probe  
  29  3:14  Photon Cannon  
  29  3:15  Shield Battery  
  29  3:33  Probe  
  30  3:52  Nexus  
  30  3:56  Pylon  
  30  3:57  Probe  
  31  4:09  Probe, Twilight Council  
  32  4:21  Pylon  
  32  4:26  Pylon  
  32  4:43  Gateway  
  32  4:45  Gateway  
  32  4:46  Probe  
  32  4:48  Protoss Ground Weapons Level 1 (Chrono Boost)  
  33  4:54  Sentry  
  33  4:55  Sentry  
  37  5:07  Probe (Chrono Boost)  
  37  5:12  Probe (Chrono Boost)  
  39  5:26  Blink (Chrono Boost)  
  39  5:33  Gateway  
  39  5:34  Stalker  
  39  5:35  Stalker  
  43  5:38  Sentry  
  45  5:43  Probe  
  46  5:53  Pylon  
  46  5:57  Probe  
  46  5:58  Photon Cannon, Shield Battery  
  46  6:00  Probe  
  48  6:22  Gateway  
  48  6:23  Stalker  
  48  6:25  Templar Archives, Sentry  
  50  6:26  Sentry  
  54  6:37  Protoss Ground Armor Level 1 (Chrono Boost)  
  54  6:43  Probe (Chrono Boost)  
  56  6:50  Probe (Chrono Boost)  
  56  6:52  Assimilator  
  56  6:53  Probe (Chrono Boost)  
  57  6:54  Stalker  
  57  6:57  Zealot x3  
  65  7:24  Probe (Chrono Boost)  
  65  7:25  Assimilator  
  67  7:30  Probe (Chrono Boost), Gateway  
  67  7:32  Gateway  
  67  7:36  Gateway  
  67  7:45  High Templar  
  67  7:46  Pylon, High Templar  
  67  7:48  Pylon  
  71  8:19  High Templar  
  73  8:20  High Templar  
  73  8:25  Probe (Chrono Boost)  
  73  8:26  Probe (Chrono Boost)  
  77  8:37  Probe (Chrono Boost)  
  79  8:42  Probe (Chrono Boost)  
  79  8:46  Psionic Storm, Zealot x5  
  79  8:47  Zealot x3  
  95  8:49  Probe  
  95  8:52  Charge (Chrono Boost)  
  96  9:03  Protoss Ground Armor Level 2  
  96  9:05  Probe x2  
  98  9:22  High Templar  
  100  9:25  Zealot  
  102  9:40  Pylon  
  102  9:42  Pylon  
  102  9:47  Pylon  
  102  9:51  Archon x2  
  102  9:58  Probe x2  
  104  10:09  Zealot x4  
  104  10:10  Probe, Zealot x4  
  104  10:11  Zealot  
  123  10:33  High Templar  
  125  10:44  Pylon  
  125  10:46  Pylon  
  125  10:48  Pylon  
  113  10:52  Pylon  
  113  10:54  Pylon  
  103  11:01  Stalker x2  
  103  11:02  Stalker x4  
  103  11:03  Stalker  
  89  11:16  High Templar x3  
  95  11:31  Protoss Ground Armor Level 3 (Chrono Boost)  
  95  11:39  High Templar  
  97  11:40  High Templar  
  97  11:42  Stalker x2  
  103  11:53  Archon  
  103  11:54  Archon x2  
  103  11:58  Probe x2  
  105  12:09  High Templar x2  
  105  12:12  Stalker  
  105  12:14  Zealot  
  105  12:15  Zealot x6  
  125  12:28  Archon  
  53  13:06  Stargate  
  53  13:07  Stargate  
  53  13:09  Stargate  
  53  13:19  Protoss Air Weapons Level 1 (Chrono Boost)  
  53  13:24  Probe x2  
  55  13:29  Dark Shrine  
  55  13:32  Nexus  
  55  13:34  Pylon  
  55  13:36  Pylon  
  55  13:39  Pylon  
  55  13:44  High Templar x2  
  59  13:57  Phoenix  
  61  14:04  Archon  
  61  14:09  High Templar  
  63  14:14  Phoenix x2  
  67  14:22  Phoenix  
  69  14:29  Photon Cannon  
  69  14:30  Photon Cannon  
  69  14:31  Photon Cannon  
  69  14:33  Photon Cannon  
  69  14:35  Photon Cannon  
  69  14:37  Photon Cannon  
  69  14:38  Photon Cannon  
  69  14:41  Photon Cannon, High Templar x6  
  69  14:42  High Templar x2  
  69  14:43  Pylon  
  85  14:48  Pylon  
  85  14:50  Photon Cannon  
  85  14:51  Photon Cannon  
  65  15:18  Archon x2  
  59  15:25  Phoenix x3  
  59  15:28  High Templar  
  59  15:50  Phoenix  
  59  15:51  High Templar x2  
  65  16:06  High Templar  
  65  16:09  Phoenix  
  67  16:47  High Templar  
  69  17:07  Archon x2  
  51  17:38  Assimilator  
  51  17:42  Assimilator  
  51  17:45  Dark Templar x2  
  51  17:48  Zealot  
  51  17:49  Zealot x3  
  51  17:50  Zealot x4  
  38  18:10  Dark Templar  
  38  18:11  Dark Templar  
  38  18:12  Zealot x2  
Show
View Real Time Build Order
Export as new Build Order

Ironsage Terran 

Build Orders:  

Get SALT Encoding   

  12  0:02  SCV  
  13  0:14  SCV  
  14  0:29  Supply Depot  
  14  0:31  SCV  
  15  0:36  Refinery  
  15  0:51  SCV  
  15  0:52  Refinery  
  16  1:00  Barracks  
  16  1:03  SCV  
  17  1:15  SCV  
  18  1:27  SCV  
  19  1:32  Supply Depot  
  19  1:49  SCV  
  20  1:55  Supply Depot  
  20  1:56  Barracks Reactor  
  20  2:01  SCV  
  21  2:03  Factory  
  21  2:13  SCV  
  22  2:25  SCV  
  22  2:27  Supply Depot  
  23  2:37  SCV  
  23  2:38  Marine x2  
  26  2:56  Marine x2  
  28  3:04  Supply Depot  
  28  3:10  Factory Tech Lab  
  28  3:18  Engineering Bay  
  28  3:40  Siege Tank  
  31  3:44  Marine x2  
  33  4:02  Marine x2  
  35  4:05  Bunker  
  35  4:07  Starport  
  35  4:12  Siege Tank  
  38  4:20  Marine  
  39  4:26  Marine  
  40  4:37  Marine  
  41  4:39  Missile Turret  
  41  4:44  Siege Tank  
  44  4:55  Marine x2  
  46  5:11  Bunker  
  46  5:13  Marine  
  47  5:17  Siege Tank, Starport Tech Lab  
  50  5:21  Fusion Core  
  50  5:53  Missile Turret  
  50  6:14  Supply Depot  
  50  6:31  Orbital Command  
  50  6:36  Battlecruiser  
  50  6:37  Supply Depot  
  56  6:41  Command Center  
  56  7:03  Starport  
  56  7:25  Missile Turret  
  56  7:40  Battlecruiser  
  62  8:05  Missile Turret  
  62  8:08  SCV  
  63  8:20  SCV  
  63  8:23  Starport Tech Lab  
  64  8:32  SCV  
  64  8:33  Weapon Refit, Armory  
  65  8:53  Marine x2  
  67  8:57  Battlecruiser  
  73  9:11  Marine  
  74  9:21  Refinery  
  74  9:26  Missile Turret  
  74  9:30  Terran Ship Weapons Level 1  
  74  9:36  Battlecruiser  
  80  9:47  Missile Turret  
  80  10:23  SCV, Refinery  
  81  10:31  Supply Depot  
  81  10:35  SCV  
  82  10:47  SCV  
  82  10:48  Missile Turret  
  83  10:54  Supply Depot  
  83  10:55  Marine x2  
  85  11:12  Battlecruiser  
  85  11:16  Battlecruiser  
  97  11:25  Terran Vehicle And Ship Armor Level 1  
  97  11:56  Missile Turret x2  
  97  12:07  Hi-Sec Auto Tracking  
  97  12:31  Bunker  
  97  12:38  Missile Turret  
  97  12:42  Missile Turret  
  97  13:01  Siege Tank  
  97  13:04  Building Armor  
  100  13:27  Missile Turret  
  100  13:34  Terran Vehicle And Ship Armor Level 2  
  100  13:50  Supply Depot  
  100  13:53  Battlecruiser  
  39  15:24  SCV  
  39  15:27  Battlecruiser  
  40  15:48  Missile Turret  
  40  16:15  Missile Turret  
  40  16:33  Missile Turret  
  40  16:35  SCV  
  41  16:47  SCV  
  41  16:53  Battlecruiser  
  48  16:59  Missile Turret, SCV  
  48  17:41  Engineering Bay  
  48  18:01  Missile Turret  
  48  18:25  Missile Turret  
Show
View Real Time Build Order
Export as new Build Order

eduardo Protoss 

Build Orders:  

Get SALT Encoding   

  12  0:18  Assimilator  
  12  0:37  Pylon  
  12  0:49  Probe  
  13  0:59  Pylon  
  13  1:01  Probe  
  14  1:13  Probe  
  15  1:19  Gateway  
  15  1:27  Gateway  
  15  1:34  Forge  
  15  2:22  Cybernetics Core  
  15  3:18  Stargate  
  15  3:22  Stargate  
  15  3:39  Stargate  
  15  3:49  Assimilator  
  15  4:27  Nexus  
  15  4:36  Pylon  
  15  4:51  Pylon  
  15  5:12  Photon Cannon  
  15  5:16  Photon Cannon  
  15  5:31  Photon Cannon  
  15  5:51  Probe  
  16  6:04  Probe  
  17  6:05  Assimilator  
  17  6:12  Assimilator  
  17  6:16  Probe  
  18  6:28  Probe  
  19  6:37  Void Ray  
  19  6:38  Void Ray  
  27  6:41  Void Ray  
  31  6:51  Probe  
  32  7:03  Probe  
  33  7:15  Probe  
  34  7:27  Probe  
  35  7:39  Probe  
  35  7:41  Nexus  
  36  7:51  Probe  
  37  8:01  Void Ray  
  37  8:03  Void Ray  
  45  8:22  Void Ray  
  49  9:01  Probe  
  50  9:13  Probe  
  51  9:25  Probe  
  52  9:33  Assimilator  
  52  9:37  Probe  
  53  9:41  Pylon  
  53  9:49  Probe  
  53  9:50  Pylon  
  54  9:55  Pylon  
  54  10:01  Probe  
  54  10:04  Pylon  
  55  10:10  Pylon  
  55  10:13  Probe  
  56  10:24  Photon Cannon  
  56  10:33  Photon Cannon  
  56  10:36  Photon Cannon  
  56  10:40  Photon Cannon  
  56  10:43  Photon Cannon  
  56  10:49  Photon Cannon  
  56  11:02  Void Ray  
  56  11:03  Void Ray  
  64  11:22  Void Ray  
  58  11:52  Probe  
  59  12:04  Probe  
  59  12:06  Assimilator  
  60  12:15  Probe  
  61  12:16  Probe  
  62  12:27  Probe  
  62  12:28  Probe  
  62  12:29  Void Ray  
  68  12:40  Void Ray  
  68  12:41  Probe  
  68  12:43  Void Ray  
  77  12:58  Probe  
  78  13:10  Probe  
  79  13:15  Robotics Facility  
  79  13:25  Void Ray  
Show
View Real Time Build Order
Export as new Build Order

deathcool Terran 

Build Orders: Command Center First (CC) 

Get SALT Encoding   

  12  0:08  SCV  
  13  0:20  SCV  
  14  0:36  SCV  
  15  0:59  Command Center  
  15  1:32  Supply Depot  
  15  1:53  SCV  
  16  1:56  Supply Depot  
  16  2:05  SCV  
  17  2:15  Command Center  
  17  2:17  SCV  
  19  2:30  SCV  
  19  2:42  SCV  
  20  3:14  SCV  
  21  3:26  SCV  
  22  3:29  SCV  
  23  3:37  Barracks  
  23  3:38  SCV  
  24  3:41  Supply Depot, SCV  
  25  3:50  SCV  
  25  3:53  SCV  
  27  4:02  SCV  
  28  4:04  Supply Depot, Refinery  
  28  4:05  SCV  
  28  4:08  Refinery  
  29  4:17  SCV x2, Refinery  
  31  4:26  Refinery  
  31  4:27  Refinery  
  31  4:29  SCV  
  32  4:34  SCV, Refinery  
  33  4:41  SCV  
  34  4:46  SCV x2  
  36  4:53  SCV  
  36  4:58  SCV x2  
  39  5:05  SCV  
  40  5:10  SCV x2  
  42  5:21  Barracks  
  42  5:22  SCV x2  
  44  5:34  SCV  
  45  5:47  SCV  
  46  5:54  SCV  
  47  5:59  SCV  
  47  6:02  SCV  
  49  6:06  SCV  
  51  6:11  SCV  
  51  6:12  Factory  
  51  6:14  SCV  
  51  6:16  Supply Depot  
  51  6:18  SCV  
  53  6:23  SCV  
  54  6:26  SCV  
  54  6:30  SCV  
  56  6:35  SCV  
  56  6:38  SCV  
  56  6:39  Supply Depot  
  58  6:42  SCV  
  59  6:50  SCV  
  60  7:10  Supply Depot  
  60  7:24  Starport  
  60  7:32  Supply Depot  
  60  7:36  Starport  
  60  7:50  Starport  
  60  7:58  Armory  
  60  8:00  Armory  
  60  8:08  Supply Depot  
  60  8:16  Starport  
  60  8:22  Supply Depot, Starport Tech Lab  
  60  8:32  Supply Depot  
  60  8:40  Starport Tech Lab  
  60  8:49  Starport Tech Lab  
  60  8:50  Supply Depot  
  60  9:02  Supply Depot  
  60  9:06  Starport Tech Lab  
  60  9:22  Terran Ship Weapons Level 1  
  60  9:24  Terran Vehicle And Ship Armor Level 1  
  60  9:28  Supply Depot  
  60  9:39  Supply Depot  
  60  9:51  Supply Depot  
  60  10:02  Fusion Core  
  60  10:05  Engineering Bay  
  60  10:39  Missile Turret  
  60  10:51  Missile Turret  
  60  10:58  Missile Turret  
  60  11:08  Battlecruiser x2  
  60  11:10  Missile Turret  
  72  11:30  Starport  
  72  11:38  Battlecruiser  
  72  11:39  Battlecruiser  
  84  11:47  Terran Ship Weapons Level 2  
  84  11:48  Terran Vehicle And Ship Armor Level 2  
  84  12:08  Starport  
  84  12:12  Battlecruiser x2  
  96  12:42  Battlecruiser  
  96  12:43  Battlecruiser  
  108  13:16  Battlecruiser x2  
  120  13:46  Battlecruiser  
  120  13:47  Battlecruiser  
  132  13:49  Missile Turret  
  132  14:21  Battlecruiser x2  
  113  15:03  Battlecruiser  
  113  15:06  Battlecruiser  
  101  15:13  Starport Tech Lab  
  95  15:17  Starport Tech Lab  
  95  15:46  Engineering Bay  
  95  16:17  Supply Depot  
  95  16:39  Battlecruiser  
  101  16:43  Missile Turret  
  101  16:54  Missile Turret  
  101  16:56  Missile Turret  
  101  16:58  Missile Turret  
  101  17:03  Missile Turret  
  101  17:05  Missile Turret  
  101  17:08  Missile Turret  
  101  17:30  Missile Turret  
Tags
 
Add a new tag
Caveats
  • Supply blocks, unpowered buildings, or Contaminate may cause inaccurate times.
  • Supply counts are checked every 10 seconds.